 Dungeon Crawl Stone Soup version 0.31.0-11-ge490571c62 (webtiles) character file.

Game seed: 14423363044968959368

839 qw the Skirmisher (level 7, -8/40 HPs)
             Began as a Deep Elf Hunter on Feb 5, 2024.
             Was a Follower of Okawaru.
             Shot with an arrow by a centaur (13 damage)
             ... on level 5 of the Dungeon.
             The game lasted 00:02:13 (4439 turns).

qw the Skirmisher (Deep Elf Hunter)                 Turns: 4439, Time: 00:02:14

Health: -8/40      AC:  6    Str: 10    XL:     7   Next: 67%
Magic:  10/10      EV: 14    Int: 14    God:    Okawaru [*.....]
Gold:   149        SH:  0    Dex: 18    Spells: 6/6 levels left

rFire   . . .        i - +4 orcbow
rCold   . . .        (shield currently unavailable)
rNeg    . . .        f - +0 leather armour {rPois}
rPois   +            b - +1 helmet
rElec   .            (no cloak)
rCorr   +            (no gloves)
SInv    +            e - +0 pair of boots
Will    .....        r - amulet of regeneration
Stlth   ++           h - ring of resist corrosion
HPRegen 1.06/turn    p - ring of see invisible
MPRegen 0.12/turn

%: no passive effects
@: no status effects
A: no striking features
a: Renounce Religion, Heroism


You were on level 5 of the Dungeon.
You worshipped Okawaru.
Okawaru was aware of your devotion.
You visited 2 branches of the dungeon, and saw 6 of its levels.

You collected 237 gold pieces.
You spent 88 gold pieces at shops.


   Skills:
 - Level 2.1 Fighting
 + Level 11.1 Ranged Weapons
 - Level 4.6 Dodging
 - Level 1.2 Stealth
 + Level 2.1 Invocations


You had 6 spell levels left.
You didn't know any spells.
Your spell library was empty.

Inventory:

Hand Weapons
 i - a +4 orcbow (weapon)
Armour
 b - a +1 helmet (worn)
 d - a +0 ring mail
 e - a +0 pair of boots (worn)
 f - a +0 leather armour of poison resistance (worn)
Jewellery
 h - a ring of resist corrosion (left hand)
 k - an amulet of the acrobat
 p - a ring of see invisible (right hand)
 r - an amulet of regeneration (around neck)
Wands
 l - a wand of flame (17)
Scrolls
 a - a scroll of fog {unknown}
Potions
 c - 3 potions of curing
 g - a potion of mutation
 j - 3 potions of enlightenment
 m - a potion of ambrosia {unknown}

Dungeon Overview and Level Annotations

Branches:
Dungeon (5/15)             Temple (1/1) D:4

Altars:
Cheibriados
Dithmenos
Gozag
Hepliaklqana
Kikubaaqudgha
Makhleb
Nemelex Xobeh
Okawaru
Qazlal
Ru
Sif Muna
Trog
Uskayaw
Vehumet
Wu Jian
Xom
The Shining One

Shops:
D:1 [   D:2 !


Message History

Enter note:
4434 ||| RETREEEEATING.
The quokka misses you.
Enter note:
Enter note:
Enter note:
Enter note:
Enter note:
Enter note:
Enter note:
Enter note:
4435 ||| RETREEEEATING.
Found a scroll of identify.
The iguana attacks as it pursues you! The iguana bites you.
The quokka closely misses you.
Enter note:
Enter note:
Enter note:
Enter note:
4436 ||| RETREEEEATING.
The centaur shoots an arrow.
The arrow closely misses you. The ice beast barely misses you.
The iguana attacks as it pursues you!
The iguana bites you but does no damage.
Enter note:
Enter note:
Enter note:
Enter note:
Enter note:
Enter note:
Enter note:
Enter note:
4437 ||| RETREEEEATING.
The iguana attacks as it pursues you! The iguana bites you.
You see here 4 stones.
You shoot an arrow. The arrow hits the iguana.
The iguana is moderately wounded.
The quokka closely misses you.
The iguana bites you but does no damage.
4439 ||| RETREEEEATING.
The centaur shoots an arrow.
The arrow hits you!
You die...

...... ...... ...... .. .....
......#########.. .....
................... ....
...................# #..
...................###..
.#...#@..#...#.....##..
.#.#...#(#c..#.#....##..
#...#..r#lY.#...#...##..
.........s..........$... ..
.#...#...#...#......... #.
#?#...#$#o..#.#........
#.#...#...#5..#...#.......
##.........................
...##....#...#...#...#....#....


You could see an ice beast, a centaur, a scorpion and an iguana.

Vanquished Creatures
  An ice beast (D:5)
  A black bear (D:4)
  A centaur (D:5)
  A kobold brigand (D:5)
  A scorpion (D:5)
  3 jellies (D:4)
  2 orc priests (D:3)
  A hound (D:5)
  A gnoll bouda (D:5)
  Ijyb (D:3)
  Natasha (D:4)
  4 gnolls (D:5)
  7 adders
  8 dart slugs
  A ribbon worm (D:2)
  5 orcs (D:3)
  5 endoplasms
  A giant cockroach (D:2)
  8 goblins
  3 hobgoblins
  4 jackals (D:1)
  8 kobolds
  2 quokkas
  6 ball pythons
  5 bats
  A frilled lizard (D:2)
  6 rats
88 creatures vanquished.

Notes
Turn   | Place    | Note
-------+----------+-------------------------------------------
     0 | D:1      | qw the Deep Elf Hunter began the quest for the Orb.
     0 | D:1      | Reached XP level 1. HP: 12/12 MP: 3/3
     0 | D:1      | 0 ||| qw: Version: 0.3-a-160-g6735b56
     0 | D:1      | 0 ||| qw: Game counter: 6245
     0 | D:1      | 0 ||| qw: Melee chars always use a shield: true
     0 | D:1      | 0 ||| qw: God list: Okawaru
     0 | D:1      | 0 ||| qw: Allow faded altars: false
     0 | D:1      | 0 ||| qw: Do Orc after clearing Dungeon:15 true
     0 | D:1      | 0 ||| qw: Do second Lair branch before Depths: true
     0 | D:1      | 0 ||| qw: Lair rune preference: random
     0 | D:1      | 0 ||| qw: Goals: Normal
     0 | D:1      | 0 ||| PLANNING D:1-11
   126 | D:1      | Found Qaden's Armour Emporium.
   149 | D:1      | Reached skill level 6 in Ranged Weapons
   149 | D:1      | Reached XP level 2. HP: 16/16 MP: 4/4
   168 | D:1      | 168 ||| SHOPLISTING +0 pair of gloves (54 gold, have 2).
   168 | D:1      | 168 ||| SHOPLISTING +2 robe of fire resistance (212 gold,
                  | have 2).
   444 | D:1      | Found a faded altar of an unknown god.
   500 | D:1      | 500 ||| UPGRADING to +0 ring mail.
   510 | D:1      | 510 ||| DROPPING +0 leather armour.
   511 | D:1      | 511 ||| UPGRADING to +0 pair of boots.
   516 | D:1      | 516 ||| UPGRADING to ring of resist corrosion.
   517 | D:1      | 517 ||| READING scroll labelled HOKUUX UFFOYSS.
   520 | D:1      | 520 ||| DRINKING 3 sapphire potions.
   574 | D:1      | 574 ||| DRINKING 2 sedimented golden potions.
   575 | D:1      | 575 ||| DROPPING scroll of butterflies.
   576 | D:1      | 576 ||| DROPPING 2 potions of lignification.
   695 | D:2      | Reached XP level 3. HP: 19/20 MP: 5/5
   716 | D:2      | Reached skill level 7 in Ranged Weapons
   942 | D:2      | Found a radiant altar of Vehumet.
   978 | D:2      | HP: 4/20 [poisoned by an adder]
   982 | D:2      | HP: 1/20 [poisoned by an adder]
  1273 | D:2      | Found Gaoffem's Distillery.
  1295 | D:2      | Reached XP level 4. HP: 25/25 MP: 6/6
  1296 | D:2      | 1296 ||| BUYING potion of curing (33 gold).
  1296 | D:2      | Bought a potion of curing for 33 gold pieces
  1296 | D:2      | 1296 ||| BUYING potion of enlightenment (55 gold).
  1296 | D:2      | Bought a potion of enlightenment for 55 gold pieces
  1296 | D:2      | 1296 ||| SHOPLISTING potion of enlightenment (55 gold, have
                  | 25).
  1296 | D:2      | 1296 ||| SHOPLISTING potion of heal wounds (55 gold, have
                  | 25).
  1296 | D:2      | 1296 ||| SHOPLISTING potion of mutation (88 gold, have 25).
  1352 | D:2      | HP: 6/25 [ribbon worm (2)]
  1353 | D:2      | 1353 ||| READING 2 scrolls of teleportation.
  1354 | D:2      | 1354 ||| Stepping randomly (stuck).
  1924 | D:2      | 1924 ||| UPGRADING to +0 helmet.
  1929 | D:2      | 1929 ||| READING scroll labelled FAUSAUG YJORU.
  1929 | D:2      | 1929 ||| IDENTIFYING ruby potion
  1930 | D:2      | 1930 ||| DROPPING potion of degeneration.
  2010 | D:3      | 2010 ||| FLEEEEING.
  2012 | D:3      | 2012 ||| FLEEEEING.
  2018 | D:3      | Reached skill level 8 in Ranged Weapons
  2018 | D:3      | 2018 ||| FLEEEEING.
  2019 | D:3      | 2019 ||| FLEEEEING.
  2020 | D:3      | 2020 ||| FLEEEEING.
  2021 | D:3      | 2021 ||| FLEEEEING.
  2022 | D:3      | 2022 ||| FLEEEEING.
  2339 | D:3      | Noticed Ijyb
  2349 | D:3      | Killed Ijyb
  2350 | D:3      | Reached XP level 5. HP: 27/29 MP: 7/7
  2880 | D:3      | Reached skill level 9 in Ranged Weapons
  2998 | D:3      | 2998 ||| UPGRADING to +0 leather armour of poison
                  | resistance.
  3008 | D:3      | 3008 ||| READING 2 scrolls of identify.
  3008 | D:3      | 3008 ||| IDENTIFYING 3 gluggy clear potions
  3009 | D:3      | 3009 ||| READING scroll of identify.
  3009 | D:3      | 3009 ||| IDENTIFYING scroll labelled DOJOJA MYDAMAZ
  3010 | D:3      | 3010 ||| READING scroll labelled PIMITU KAOP.
  3011 | D:3      | 3011 ||| READING scroll labelled WEMNYO HIXUASH.
  3012 | D:3      | 3012 ||| DROPPING scroll of noise.
  3037 | D:4      | Reached skill level 3 in Dodging
  3275 | D:4      | Reached XP level 6. HP: 35/35 MP: 8/8
  3372 | D:4      | Found a staircase to the Ecumenical Temple.
  3373 | D:4      | 3373 ||| PLANNING TEMPLE
  3377 | D:4      | 3377 ||| UPGRADING to amulet of regeneration.
  3385 | D:4      | 3385 ||| FLEEEEING.
  3386 | D:4      | 3386 ||| FLEEEEING.
  3387 | D:4      | 3387 ||| FLEEEEING.
  3393 | D:4      | 3393 ||| DROPPING ring of magical power.
  3394 | D:4      | 3394 ||| UPGRADING to ring of see invisible.
  3395 | D:4      | 3395 ||| READING scroll labelled QEDUULUABE.
  3395 | D:4      | 3395 ||| ENCHANTING +0 helmet.
  3396 | D:4      | 3396 ||| READING scroll labelled JATIUTU YHIUT.
  3397 | D:4      | 3397 ||| READING scroll labelled ULALIE TAMUCU.
  3509 | Temple   | Entered the Ecumenical Temple
  3510 | Temple   | 3510 ||| PLANNING OKAWARU WORSHIP
  3532 | Temple   | Became a worshipper of Warmaster Okawaru
  3533 | Temple   | 3533 ||| PLANNING D:1-11
  3980 | D:4      | Noticed Natasha
  3992 | D:4      | Killed Natasha
  3993 | D:4      | Reached skill level 10 in Ranged Weapons
  4007 | D:4      | 4007 ||| READING scroll of identify.
  4007 | D:4      | 4007 ||| IDENTIFYING smoky green potion
  4008 | D:4      | 4008 ||| READING scroll labelled AJURONA NOGA.
  4008 | D:4      | 4008 ||| ENCHANTING +0 shortbow.
  4052 | D:5      | Entered Level 5 of the Dungeon
  4099 | D:5      | HP: 6/35 [centaur/arrow (10)]
  4100 | D:5      | 4100 ||| READING 2 scrolls of teleportation.
  4101 | D:5      | 4101 ||| DRINKING 3 potions of heal wounds.
  4102 | D:5      | 4102 ||| DRINKING 2 potions of heal wounds.
  4108 | D:5      | 4108 ||| RETREEEEATING.
  4109 | D:5      | 4109 ||| RETREEEEATING.
  4110 | D:5      | 4110 ||| RETREEEEATING.
  4111 | D:5      | 4111 ||| RETREEEEATING.
  4121 | D:5      | HP: 8/35 [iguana (11)]
  4121 | D:5      | HP: 1/35 [gnoll/+0 whip (3)]
  4122 | D:5      | 4122 ||| READING scroll of teleportation.
  4123 | D:5      | 4123 ||| DRINKING potion of heal wounds.
  4224 | D:5      | Reached XP level 7. HP: 36/40 MP: 9/9
  4229 | D:5      | 4229 ||| SWAPPING to +4 orcbow.
  4230 | D:5      | 4230 ||| DROPPING +1 shortbow.
  4370 | D:5      | Reached * piety under Okawaru
  4392 | D:5      | Reached skill level 1 in Invocations
  4406 | D:5      | Reached skill level 11 in Ranged Weapons
  4418 | D:5      | 4418 ||| RETREEEEATING.
  4419 | D:5      | 4419 ||| RETREEEEATING.
  4420 | D:5      | 4420 ||| RETREEEEATING.
  4421 | D:5      | 4421 ||| RETREEEEATING.
  4422 | D:5      | 4422 ||| RETREEEEATING.
  4423 | D:5      | 4423 ||| RETREEEEATING.
  4424 | D:5      | 4424 ||| RETREEEEATING.
  4425 | D:5      | 4425 ||| RETREEEEATING.
  4426 | D:5      | 4426 ||| RETREEEEATING.
  4427 | D:5      | 4427 ||| RETREEEEATING.
  4427 | D:5      | HP: 9/40 [ice beast (7)]
  4428 | D:5      | 4428 ||| RETREEEEATING.
  4429 | D:5      | 4429 ||| RETREEEEATING.
  4429 | D:5      | HP: 2/40 [centaur/arrow (9)]
  4430 | D:5      | 4430 ||| RETREEEEATING.
  4431 | D:5      | 4431 ||| RETREEEEATING.
  4432 | D:5      | 4432 ||| RETREEEEATING.
  4433 | D:5      | 4433 ||| RETREEEEATING.
  4434 | D:5      | 4434 ||| RETREEEEATING.
  4435 | D:5      | 4435 ||| RETREEEEATING.
  4435 | D:5      | HP: 2/40 [iguana (6)]
  4436 | D:5      | 4436 ||| RETREEEEATING.
  4437 | D:5      | 4437 ||| RETREEEEATING.
  4439 | D:5      | 4439 ||| RETREEEEATING.
  4439 | D:5      | Shot with an arrow by a centaur

Levels and vault maps discovered:
D:1:      heliophobic_arrival_henge, layout_basic, serial_shops, shop_fountains,
          hellmonk_ecumenical_altar_defaced_shrine
D:2:      layout_basic, basic_altar, serial_shops, shop,
          kennysheep_cluttered_room, nicolae_hexahallways
D:3:      layout_basic, minmay_crystal_room, uniq_ijyb
D:4:      layout_cave_pods, minmay_temple_entry_mist, uniq_natasha
D:5:      cheibrodos_fzero, layout_basic, serial_shops, shop
Temple:   nicolae_temple_elliptical

Skill      XL: |  1  2  3  4  5  6  7 |
---------------+----------------------+-----
Ranged Weapons | 6 7 8 9 10 11 | 11.1
Dodging        | 3 4 |  4.6
Fighting       | 2 |  2.1
Invocations    | 2 |  2.1
Stealth        | |  1.2

Action                     |  1- 3 |  4- 6 |  7- 9 || total
---------------------------+-------+-------+-------++-------
   Fire: Shortbow          |   115 |   194 |       ||   309
         Orcbow            |       |       |    44 ||    44
    Use: Potion            |     2 |     3 |       ||     5
         Scroll            |     1 |    13 |       ||    14
 Armour: Ring mail         |    30 |    31 |       ||    61
         Leather armour    |     4 |    43 |    30 ||    77
  Dodge: Dodged            |    39 |    68 |    27 ||   134

Table legend:
 A = Non-vault XP
 B = Vault XP
 C = Vault XP percentage of total XP
 D = Non-vault monster count
 E = Vault monster count
 F = Vault count percentage of total count
                 A         B        C        D         E       F
            +---------+---------+-------+---------+---------+-------
      Total |     968 |     231 |  19.3 |      80 |       8 |   9.1
            +---------+---------+-------+---------+---------+-------
        D:1 |      24 |       9 |  27.3 |      15 |       3 |  16.7
        D:2 |      81 |       0 |   0.0 |      22 |       0 |   0.0
        D:3 |     125 |      36 |  22.4 |      18 |       1 |   5.3
        D:4 |     296 |      35 |  10.6 |      15 |       1 |   6.2
        D:5 |     442 |     151 |  25.5 |      10 |       3 |  23.1
            +---------+---------+-------+---------+---------+-------
